 Dungeon Crawl Stone Soup version 0.28-a0-1159-g27aa881441 (webtiles) character file.

Game seed: 8195358350956748198

54 ders the Digger (level 3, 0/19 HPs)
             Began as a Gargoyle Earth Elementalist on Dec 15, 2021.
             Killed from afar by an orc wizard (7 damage)
             ... with a magic dart
             ... on level 3 of the Dungeon.
             The game lasted 00:01:29 (2103 turns).

ders the Digger (Gargoyle Earth Elementalist)       Turns: 2103, Time: 00:01:29

Health: 0/19       AC:  5    Str: 11    XL:     3   Next: 91%
Magic:  1/7        EV: 12    Int: 17    God:
Gold:   127        SH:  0    Dex: 16    Spells: 6/7 levels left

rFire   . . .      SeeInvis .   (no weapon)
rCold   . . .      Faith    .   (no shield)
rNeg    + . .      Spirit   .   b - +0 robe
rPois   ∞          Reflect  .   (no helmet)
rElec   +          Harm     .   (no cloak)
rCorr   .          Rampage  .   (no gloves)
Will    .....                   (no boots)
Stlth   ++........              (no amulet)
HPRegen 0.06/turn               h - +6 ring of dexterity
MPRegen 0.10/turn               (no ring)

@: no status effects
A: sickness immunity, AC +3, negative energy resistance 1, electricity
resistance, torment resistance 1, petrification resistance
a: no special abilities


You were on level 3 of the Dungeon.
You visited 1 branch of the dungeon, and saw 3 of its levels.

You collected 127 gold pieces.

Inventory:

Missiles
 c - 91 stones
Armour
 b - a +0 robe (worn)
Jewellery
 h - a +6 ring of dexterity (left hand)
Scrolls
 a - 2 scrolls of vulnerability {unknown}
 g - a scroll of identify {unknown}
Potions
 d - 3 potions of mutation {unknown}
 e - a potion of haste {unknown}
 f - a potion of might {unknown}


   Skills:
 - Level 1.5 Dodging
 - Level 2.1 Stealth
 + Level 2.7 Spellcasting
 + Level 1.9 Conjurations
 - Level 0.7 Transmutations
 + Level 4.4 Earth Magic


You had 6 spell levels left.
You knew the following spells:

 Your Spells              Type           Power      Damage    Failure   Level
a - Sandblast             Erth           34%        2d9       3%          1

Your spell library contained the following spells:

 Spells                   Type           Power      Damage    Failure   Level
 Passwall                 Tmut/Erth      9%         N/A       10%         2
 Foxfire                  Conj/Fire      20%        2x1d5     12%         1
 Stone Arrow              Conj/Erth      26%        3d8       14%         3
 Conjure Flame            Conj/Fire      5%         6-21      36%         3
 Inner Flame              Hex/Fire       2%         N/A       47%         3
 Swiftness                Air            2%         N/A       47%         3
 Petrify                  Tmut/Erth      11%        N/A       52%         4
 Flame Wave               Conj/Fire      5%         2d4       77%         4


Dungeon Overview and Level Annotations

Branches:
Dungeon (3/15)

Altars:


Innate Abilities, Weirdness & Mutations

You are immune to sickness and miasma.
Your stone body is resilient. (AC +3)
You are immune to poison.
You resist negative energy. (rN+)
You are resistant to electric shocks. (rElec)
You are resistant to unholy torment.
You are immune to petrification.


Message History

You're too confused to cast spells.
The orc wizard hits you with a +0 dagger.
You bump into the rock wall.
The orc wizard misses you.
You're too confused to cast spells.
You're too confused to cast spells.
You're too confused to cast spells.
You feel less confused. The orc wizard closely misses you.
Casting: Sandblast (safe; 3% risk of failure)
Confirm with . or Enter, or press ? or * to list all spells.
Aiming: Sandblast (safe; 3% risk of failure)
Press: ? - help, Shift-Dir - straight line, f/p - orc wizard
Aim: an orc wizard, wielding a +0 dagger and wearing a +2 robe of positive energy (moderately wounded, 74% to hit)
The blast of sand hits the orc wizard but does no damage.
The orc wizard is moderately wounded.
The orc priest misses you.
The orc wizard hits you with a +0 dagger.
Unknown command.
Casting: Sandblast (safe; 3% risk of failure)
Confirm with . or Enter, or press ? or * to list all spells.
Aiming: Sandblast (safe; 3% risk of failure)
Press: ? - help, Shift-Dir - straight line, f/p - orc wizard
Aim: an orc wizard, wielding a +0 dagger and wearing a +2 robe of positive energy (moderately wounded, 74% to hit)
The blast of sand hits the orc wizard.
The orc wizard is heavily wounded.
The orc priest hits you with a +0 short sword.
The orc wizard misses you.
Unknown command.
You closely miss the orc wizard.
The orc wizard is heavily wounded.
The orc priest hits you with a +0 short sword.
The orc wizard closely misses you.
An orc comes into view. It is wielding a +0 hand axe.
The orc priest invokes the aid of Beogh against you.
You barely resist.
The orc priest calls upon Beogh to heal the orc wizard.
The orc wizard is healed somewhat.
The orc wizard casts a spell at you. The magic dart hits you!
You die...

###...# #o# #...†.# #.#
.<......# #####.########
#.......# #............#######
.o....#.# ##..#.o#####.........
#.###.#.. ##......######†######
.o .#####....#o.............###
##...###....o.o.........#
######...####@..####..####.#.#
.#.......###.....####..# #.#.#
......._♣# #.......##..####.#.#
.#.......###.#####.##.........†
######...##.# #.....####.#>#
##...#.# #.##### #.#.# ##....#
#.# #.#.# ##...#####.# #.#.#
#.####........########.#.#


You could see 2 orc priests, an orc wizard and an orc (wandering).

Vanquished Creatures
  2 worms
  4 dart slugs
  7 ball pythons
  5 endoplasms
  2 giant cockroaches
  2 goblins (D:2)
  2 hobgoblins
  3 jackals (D:3)
  3 kobolds
  4 bats
  4 frilled lizards
  A rat (D:1)
39 creatures vanquished.

Notes
Turn   | Place    | Note
-------+----------+-------------------------------------------
     0 | D:1      | ders the Gargoyle Earth Elementalist began the quest for
                  | the Orb.
     0 | D:1      | Reached XP level 1. HP: 10/10 MP: 3/3
   517 | D:1      | Reached XP level 2. HP: 15/15 MP: 3/5
   600 | D:1      | Reached skill level 1 in Conjurations
   745 | D:1      | Reached skill level 4 in Earth Magic
  1273 | D:2      | Reached XP level 3. HP: 19/19 MP: 3/6
  2013 | D:3      | Found a faded altar of an unknown god.
  2103 | D:3      | Killed from afar by an orc wizard

Illustrated notes

Levels and vault maps discovered:
D:1:      kennysheep_arrival_seaside, layout_loops_corners
D:2:      layout_loops_ring, corner_web_ring
D:3:      layout_loops_ring, mainiacjoe_overflow_tiny_flanked,
          hellmonk_ecumenical_altar_crossroads, gammafunk_ghost_split

Skill      XL: |  1  2 |
---------------+-------+-----
Conjurations   | 1 |  1.9
Earth Magic    | 4 |  4.4
Dodging        | |  1.5
Stealth        | |  2.1
Spellcasting   | |  2.7
Transmutations | |  0.7

Action                   || total
-------------------------++-------
Melee: Unarmed           ||     1
 Cast: Sandblast         ||    56
Armor: Robe              ||     3
Dodge: Dodged            ||    18

Table legend: (Time is in decaauts)
 A = Elapsed time spent in this place.
 B = Non-inter-level travel time spent in this place.
 C = Inter-level travel time spent in this place.
 D = Time resting spent in this place.
 E = Time spent auto-exploring this place.
 F = Levels seen in this place.
 G = Mean time per level.
                   A        B        C        D        E       F      G
               +--------+--------+--------+--------+--------+-----+--------+
         Total |   2103 |   2048 |     55 |      4 |   1815 |   3 |  701.0 |
       Dungeon |   2103 |   2048 |     55 |      4 |   1815 |   3 |  701.0 |
               +--------+--------+--------+--------+--------+-----+--------+

Top non-repeatable levels by time:
     D:1: 1044 daAuts
     D:2: 850 daAuts
     D:3: 208 daAuts
